 Dungeon Crawl Stone Soup version 0.21-a0-632-g1e37ce5 (webtiles) character file.

7 Gorice the Magician (level 1, 0/15 HPs)
             Began as a Demonspawn Wanderer on Dec 27, 2017.
             Succumbed to a goblin's poison
             ... on level 1 of the Dungeon.
             The game lasted 00:01:09 (326 turns).

Gorice the Magician (Demonspawn Wanderer)            Turns: 326, Time: 00:01:10

Health: 0/15       AC:  2    Str: 13    XL:     1   Next: 91%
Magic:  5/5        EV: 11    Int: 11    God:
Gold:   8          SH:  0    Dex: 13    Spells: 8/8 levels left

rFire    . . .     SeeInvis .   a - +0 short sword
rCold    . . .     Gourm    .   (no shield)
rNeg     . . .     Faith    .   c - +0 robe
rPois    .         Spirit   .   (no helmet)
rElec    .         Reflect  .   (no cloak)
rCorr    .         Harm     .   (no gloves)
MR       .....                  (no boots)
Stlth    ++........             (no amulet)
HPRegen  0.05/turn              (no ring)
MPRegen  0.09/turn              (no ring)

@: lethally poisoned (0 -> -19)
A: no striking features
a: no special abilities


You were on level 1 of the Dungeon.
You were not hungry.

You visited 1 branch of the dungeon, and saw 1 of its levels.

You collected 8 gold pieces.

Inventory:

Hand Weapons
 a - a +0 short sword (weapon)
 d - a +0 club
Missiles
 i - 16 bolts
 Y - 18 stones (quivered)
Armour
 c - a +0 robe (worn)
Scrolls
 b - a scroll of teleportation {!r}
 e - a scroll of identify {unknown}
 j - a scroll of blinking {unknown}
Books
 h - a book of Minor Magic
Comestibles
 f - a ration
 g - 5 chunks of flesh


   Skills:
 * Level 1.6 Fighting
 - Level 1.0 Throwing
 - Level 1.0 Stealth
 - Level 4.0 Spellcasting
   Level 1.0 Charms
   Level 1.7 Transmutations
   Level 1.0 Earth Magic


You had 8 spell levels left.
You didn't know any spells.

Dungeon Overview and Level Annotations

Branches:
Dungeon (1/15)

Altars:


Message History

Damage: 2 (max 4)
The bat hits you but does no damage. x2
You hit the bat.
You kill the bat!
You closely miss the goblin. The goblin closely misses you.
You hit the goblin.
You kill the goblin!
You see here a dagger.
You see here a jackal corpse.
You butcher the jackal corpse.
g - 5 chunks of flesh (gained 3)
You see here a jackal skeleton.
A goblin comes into view. It is wielding a dagger.
The goblin shouts!
You hear a shout!
Things that are here:
a short sword; 5 stones You see here a jackal skeleton.
You closely miss the goblin. The goblin hits you but does no damage.
You hit the goblin.
The goblin is heavily wounded.
The goblin hits you with a dagger.
Damage: 1 (max 1)
You closely miss the goblin.
The goblin is heavily wounded.
The goblin hits you with a dagger.
* * * LOW HITPOINT WARNING * * *
Damage: 1 (max 1)
You hit the goblin.
You kill the goblin!
You closely miss the goblin.
The goblin hits you with a dagger of venom.
* * * LOW HITPOINT WARNING * * *
You are lethally poisoned!
Damage: 4 (max 4)
You hit the goblin.
The goblin is moderately wounded.
* * * LOW HITPOINT WARNING * * *
You feel sick. The goblin hits you but does no damage.
You are more poisoned.
Damage: 1 (max 4)
The goblin shouts!
You hit the goblin.
The goblin is severely wounded.
* * * LOW HITPOINT WARNING * * *
You feel sick. The goblin closely misses you.
Damage: 2 (max 4)
You aren't carrying any potions.
You hit the goblin but do no damage.
The goblin is severely wounded.
You die...

#.####.##.########
#................
#.#######.########
######.# #.#######.
#....#.# #.........
##.##.#.# ####.#######.
#.......####..........(
#.......).........#####
#...#.#@####.....##
#...#.#g# ####.##
#.....#.# #.#
##..####.# #.#
......g.).# #+#
####.####..# .. #g.#
... #... .K# #..#.


You could see 2 goblins.

Vanquished Creatures
  2 goblins (D:1)
  A jackal (D:1)
  A bat (D:1)
  A frilled lizard (D:1)
  A kobold (D:1)
  2 rats (D:1)
8 creatures vanquished.

Notes
Turn   | Place    | Note
-------+----------+-------------------------------------------
     0 | D:1      | Gorice the Demonspawn Wanderer began the quest for the Orb.
     0 | D:1      | Gorice set off with: a book of Minor Magic, a scroll of teleportation {!r}, a +0 robe, a +0 club, a ration
     0 | D:1      | Reached XP level 1. HP: 13/13 MP: 5/5
   300 | D:1      | Reached skill level 1 in Fighting
   323 | D:1      | HP: 4/15 [goblin/dagger of venom (4)]
   325 | D:1      | HP: 1/15 [poisoned by a goblin]
   326 | D:1      | Succumbed to a goblin's poison

Vault maps used:
D:1:      dpeg_arrival_concentric_ovals, minmay_nonomino_d4

Skill      XL: |  1 |
---------------+----+-----
Fighting       | 1 |  1.6
Throwing       | |  1.0
Stealth        | |  1.0
Spellcasting   | |  4.0
Charms         | |  1.0
Transmutations | |  1.7
Earth Magic    | |  1.0

Action                   || total
-------------------------++-------
Melee: Short sword       ||    17
       Club              ||     9
Armor: Robe              ||     4
Dodge: Dodged            ||    16

Table legend:
 A = Spawn XP
 B = Non-spawn XP
 C = Spawn XP percentage of total XP
 D = Spawn monster count
 E = Non-spawn monster count
 F = Spawn count percentage of total count
 G = Total turns spent on level
                    A         B        C        D         E        F      G
               +---------+---------+-------+---------+---------+-------+---------
         Total |       0 |      11 |   0.0 |       0 |       8 |   0.0 |   326
               +---------+---------+-------+---------+---------+-------+---------
           D:1 |       0 |      11 |   0.0 |       0 |       8 |   0.0 |   326
               +---------+---------+-------+---------+---------+-------+---------

Table legend:
 A = Turns spent in this place as a percentage of turns spent in the entire game.
 B = Non-inter-level travel turns spent in this place as a percentage of non-inter-level travel turns spent in the entire game.
 C = Inter-level travel turns spent in this place as a percentage of turns spent in this place.
 D = Turns resting spent in this place as a percentage of non-inter-level travel turns spent in this place.
 E = Turns spent auto-exploring this place as a percentage of non-inter-level travel turns spent in this place.
 F = Non-inter-level travel turns spent in this place divided by the number of levels of this place that you've seen.
                   A       B       C       D       E      F
               +-------+-------+-------+-------+-------+----------------------
         Total | 100.0 | 100.0 |  12.6 |   1.8 |  67.4 | 285.0
       Dungeon | 100.0 | 100.0 |  12.6 |   1.8 |  67.4 | 285.0
               +-------+-------+-------+-------+-------+----------------------

Vault maps used:
D:1:      dpeg_arrival_concentric_ovals, minmay_nonomino_d4
